 Dungeon Crawl Stone Soup version 0.30.1-4-g462c640d31 (webtiles) character file.

Game seed: 16997713743519458076

18 croobank the Sneak (level 2, -4/21 HPs)
             Began as an Octopode Delver on Sept 5, 2023.
             Slain by a gnoll
             ... wielding a +0 spear
              (6 damage)
             ... on level 1 of the Dungeon on Sept 6, 2023.
             The game lasted 00:12:13 (234 turns).

croobank the Sneak (Octopode Delver)                 Turns: 234, Time: 00:12:14

Health: -4/21      AC:  1    Str: 11    XL:     2   Next: 70%
Magic:  2/2        EV: 13    Int: 12    God:
Gold:   4          SH:  0    Dex: 13    Spells: 1/1 levels left

rFire   . . .        a - +0 short sword
rCold   . . .        (no shield)
rNeg    . . .        (helmet restricted)
rPois   .            (no amulet)
rElec   .            (no ring)
rCorr   .            (no ring)
SInv    .            (no ring)
Will    .....        (no ring)
Stlth   ++++         (no ring)
HPRegen 0.23/turn    (no ring)
MPRegen 0.08/turn    (no ring)
                     (no ring)

%: no passive effects
@: no status effects
A: almost no armour, amphibious, 8 rings, camouflage 1, gelatinous body 1,
(nimble swimmer 1), tentacles
a: no special abilities


You were on level 1 of the Dungeon.
You visited 1 branch of the dungeon, and saw 5 of its levels.

You collected 4 gold pieces.

Inventory:

Hand Weapons
 a - a +0 short sword (weapon)
 c - a +0 war axe
Missiles
 k - 3 javelins (quivered)
Jewellery
 g - a +6 ring of strength
Wands
 f - a wand of digging (3)
Scrolls
 b - a scroll of fog
 i - a scroll of enchant armour {unknown}
 j - a scroll of enchant weapon {unknown}
Potions
 d - a potion of cancellation {unknown}
 e - a potion of haste
 h - a potion of brilliance {unknown}


   Skills:
 + Level 3.2 Fighting
 + Level 2.3 Short Blades
 + Level 2.3 Dodging
 + Level 6.8 Stealth


You had one spell level left.
You didn't know any spells.
Your spell library was empty.

Dungeon Overview and Level Annotations

Branches:
Dungeon (5/15)             Temple (0/1) D:4

Altars:

Annotations:
D:5 1 transporter


Innate Abilities, Weirdness & Mutations

You cannot wear most types of armour.
You are amphibious.
You can wear up to eight rings at the same time.
Your skin changes colour to match your surroundings (Stealth+).
Your rubbery body absorbs attacks. (AC +1, EV +1)
((You are camouflaged when in or above water. (Stealth+)))
You have tentacles for arms and can constrict up to eight enemies at once.


Message History

You are frozen.
You hit the endoplasm. You squeeze the endoplasm.
You kill the endoplasm!
A gnoll comes into view. It is wielding a +0 spear.
You hit the hobgoblin. Your grab misses the hobgoblin.
The hobgoblin is almost dead.
You closely miss the hobgoblin. You grab the hobgoblin.
The hobgoblin is almost dead.
You constrict the hobgoblin.
You kill the hobgoblin!
You see here 4 javelins.
k - 4 javelins The gnoll shouts!
The gnoll hits you with a +0 spear.
You hit the gnoll. You grab the gnoll.
The gnoll is lightly wounded.
You constrict the gnoll. The gnoll hits you with a +0 spear.
You hit the gnoll.
The gnoll is moderately wounded.
You constrict the gnoll. The gnoll hits you with a +0 spear.
You hit the gnoll but do no damage.
The gnoll is moderately wounded.
You constrict the gnoll. The gnoll barely misses you.
You hit the gnoll.
The gnoll is heavily wounded.
You constrict the gnoll. The gnoll hits you with a +0 spear.
* * * LOW HITPOINT WARNING * * *
You hit the gnoll but do no damage.
You squeeze the gnoll, but do no damage.
The gnoll is heavily wounded.
You constrict the gnoll. The gnoll hits you with a +0 spear.
* * * LOW HITPOINT WARNING * * *
Throw: 4 javelins
Press: ? - help, Q - select action Shift-Dir - straight line, f - gnoll
Aim: a gnoll, wielding a +0 spear (severely wounded, constricted by you, 93% to hit)
You throw a javelin.
The javelin pierces through the gnoll but does no damage.
The gnoll is severely wounded.
You constrict the gnoll. The gnoll hits you with a +0 spear.
You die...

...#
#########
.###
#.......# .#
#.#####.####
.# #.#
#......#
.#### #.#
#......#
.'..# #.#
#......#
.##.#####.#
+......#
##........#
#......#.#..
#..#######
##..@g.....(
#..#
##.###......
#..#
#....#......
#..#
#..#.#......
#..# #....#
..... #..#
#.##..... ..
#.## #+#
+#... . ...
..


You could see a gnoll.

Vanquished Creatures
  2 orcs (D:4)
  2 bats
  3 endoplasms
  A giant cockroach (D:1)
  2 hobgoblins (D:1)
  A kobold (D:2)
  2 frilled lizards (D:1)
  2 rats (D:1)
15 creatures vanquished.

Notes
Turn   | Place    | Note
-------+----------+-------------------------------------------
     0 | D:5      | croobank the Octopode Delver began the quest for the Orb.
     0 | D:5      | Reached XP level 1. HP: 16/16 MP: 1/1
    66 | D:2      | Reached XP level 2. HP: 21/21 MP: 2/2
   234 | D:1      | Slain by a gnoll

Illustrated notes

Levels and vault maps discovered:
D:1:      mrwooster_arrival_arrow, layout_basic
D:2:      layout_rooms, uniq_jessica
D:3:      layout_basic, serial_shops, shop, amcnicky_mini_pool_small, uniq_robin
D:4:      layout_basic, kiku_gazebo_pond_becter, makhleb_blood_cavern_becter,
          minmay_temple_entry_statues_fountains,
          minmay_fractal_squares_gapless_5
D:5:      layout_gridville, mainiacjoe_overflow_cross_hatched,
          gammafunk_ghost_gnarly_gnolls, serial_shops,
          nicolae_shop_industrial_runoff

Action                     || total
---------------------------++-------
  Melee: Short sword       ||    39
         Constrict         ||     8
         Tentacles         ||     8
         Punch             ||     1
  Throw: Javelin           ||     1
    Use: Scroll            ||     2
   Stab: Sleeping          ||     4
 Armour: Skin              ||     4
  Dodge: Dodged            ||    23
